 Dungeon Crawl Stone Soup version bcrawl-1.21.2-1-g32d02e0829 (webtiles) character file.

Game seed: 12568430168707722221

31 Mrkan the Cudgeler (level 3, -1/28 HPs)
             Began as a Demonspawn Gladiator on Feb 23, 2020.
             Slain by a leopard gecko (4 damage)
             ... on level 2 of the Dungeon.
             The game lasted 00:01:49 (910 turns).

Mrkan the Cudgeler (Demonspawn Gladiator)            Turns: 910, Time: 00:01:49

Health: -1/28      AC:  6    Str: 15    XL:     3   Next: 7%
Magic:  3/3        EV: 12    Int:  9    God:
Gold:   90         SH:  0    Dex: 14    Spells: 2/2 levels left

rFire    . . .     SeeInvis .   a - +0 flail
rCold    . . .     Gourm    .   (no shield)
rNeg     . . .     Faith    .   i - +0 ring mail
rPois    .         Spirit   .   c - +0 helmet
rElec    .         Reflect  .   (no cloak)
rCorr    .         Harm     .   (no gloves)
MR       .....                  (no boots)
Stlth    ++........             (no amulet)
HPRegen  0.09/turn              (no ring)
MPRegen  0.08/turn              (no ring)

@: no status effects
A: demonic guardian 1, nightstalker 1
a: no special abilities


You were on level 2 of the Dungeon.
You were not hungry.

You visited 1 branch of the dungeon, and saw 2 of its levels.

You collected 90 gold pieces.

Inventory:

Hand Weapons
 a - a +0 flail (weapon)
Missiles
 d - 3 throwing nets (quivered) {!f}
Armour
 c - a +0 helmet (worn)
 i - a +0 ring mail (worn)
Scrolls
 g - 2 scrolls of remove curse {unknown}
 h - a scroll of enchant armour {unknown}
 j - 2 scrolls of fear {unknown}
 k - a scroll of fog {unknown}
Potions
 b - a potion of haste {unknown}
 f - a potion of curing {unknown}
 l - a potion of heal wounds {unknown}
Comestibles
 e - a ration {!d}
 m - 2 chunks of flesh


   Skills:
 + Level 2.4 Fighting
 * Level 3.3 Maces & Flails
 - Level 1.7 Throwing
 + Level 3.0 Dodging


You had 2 spell levels left.
You didn't know any spells.
Your spell library was empty.

Dungeon Overview and Level Annotations

Branches:
Dungeon (2/12)

Altars:


Innate Abilities, Weirdness & Mutations

A weak demonic guardian rushes to your aid.
You are slightly more attuned to the shadows.


Message History

You closely miss the kobold. The bat hits you. The kobold barely misses you.
A leopard gecko comes into view.
The leopard gecko hisses angrily.
The bat barely misses you. The kobold closely misses you.
The leopard gecko moves out of view.
The bat completely misses you. The bat barely misses you.
The bat hits you but does no damage.
Your ring mail prevents you from hitting the leopard gecko.
The bat misses you. The kobold hits you but does no damage.
The leopard gecko bites you but does no damage.
You closely miss the leopard gecko. The leopard gecko closely misses you.
The kobold hits you. The leopard gecko bites you.
You barely miss the leopard gecko. The bat hits you. The kobold misses you.
The leopard gecko bites you. The goblin hits you.
* * * LOW HITPOINT WARNING * * *
The kobold hits you.
* * * LOW HITPOINT WARNING * * *
You closely miss the leopard gecko. The bat barely misses you.
The leopard gecko bites you.
You die...

..≈. ≈≈≈≈≈ ...≈. #
#####..... #. ..
...!... .. .#
....... #.
##.##†....##
#..##..#<.......
#.l@g##........
###b#K..........
.........).....b.
........w?.%.....
..................
..................
######..###..#####
##.# ...# #. .#...


You could see a worm, a leopard gecko, a goblin, a bat and a kobold.

Vanquished Creatures
  An ooze (D:1)
  A worm (D:1)
  A dart slug (D:2)
  2 bats (D:1)
  2 giant cockroaches (D:1)
  A goblin (D:1)
  3 hobgoblins
  3 jackals
  A frilled lizard (D:1)
  3 kobolds (D:1)
  2 rats (D:1)
20 creatures vanquished.

Notes
Turn   | Place    | Note
-------+----------+-------------------------------------------
     0 | D:1      | Mrkan the Demonspawn Gladiator began the quest for the Orb.
     0 | D:1      | Reached XP level 1. HP: 16/16 MP: 1/1
    10 | D:1      | Noticed an electric eel
   284 | D:1      | Gained mutation: A weak demonic guardian rushes to your
                  | aid. [demonic ancestry]
   284 | D:1      | Reached XP level 2. HP: 19/22 MP: 2/2
   895 | D:2      | Gained mutation: You are slightly more attuned to the
                  | shadows. [demonic ancestry]
   895 | D:2      | Reached XP level 3. HP: 23/28 MP: 3/3
   910 | D:2      | Slain by a leopard gecko

Skill      XL: |  1  2 |
---------------+-------+-----
Maces & Flails | 3 |  3.3
Dodging        | 3 |  3.0
Fighting       | |  2.4
Throwing       | |  1.7

Action                   || total
-------------------------++-------
Melee: Flail             ||    79
Armor: Leather armour    ||     9
       Ring mail         ||    38
Dodge: Dodged            ||    75
